 Dungeon Crawl Stone Soup version 0.28.0-45-g0d030f2227 (webtiles) character file.

Game seed: 17400901514793817508

4187 Peloso the Carver (level 10, -1/132 HPs)
             Began as a Minotaur Fighter on Apr 2, 2022.
             Slain by an orc warrior
             ... wielding a +0 war axe
              (8 damage)
             ... in a bailey.
             The game lasted 00:15:31 (8972 turns).

Peloso the Carver (Minotaur Fighter)                Turns: 8972, Time: 00:15:32

Health: -1/132     AC: 13    Str: 22    XL:     10   Next: 8%
Magic:  9/9        EV:  9    Int:  5    God:
Gold:   380        SH:  5    Dex: 13    Spells: 9/9 levels left

rFire   . . .      SeeInvis +   a - +1 long sword
rCold   . . .      Faith    .   c - +0 buckler
rNeg    . . .      Spirit   .   k - +0 chain mail
rPois   .          Reflect  .   (helmet restricted)
rElec   .          Harm     .   m - +0 cloak
rCorr   .          Rampage  .   (no gloves)
Will    .....                   (no boots)
Stlth   ..........              (no amulet)
HPRegen 0.32/turn               f - ring of see invisible
MPRegen 0.11/turn               (no ring)

@: berserking, spiked, very quick
A: horns 2, retaliatory headbutt
a: no special abilities


You were in a bailey.
You visited 2 branches of the dungeon, and saw 8 of its levels.
You also visited: Bailey.

You collected 380 gold pieces.

Inventory:

Hand Weapons
 a - a +1 long sword (weapon)
Armour
 b - a +0 scale mail
 c - a +0 buckler (worn)
 k - a +0 chain mail (worn)
 m - a +0 cloak (worn)
Jewellery
 f - a ring of see invisible (left hand)
Wands
 p - a wand of polymorph (7)
 q - a wand of digging (7)
 r - a wand of mindburst (7)
Scrolls
 g - 2 scrolls of silence
 h - 3 scrolls of acquirement
Potions
 d - 2 potions of might
 e - 2 potions of mutation
 l - a potion of curing
 n - a potion of degeneration {unknown}
 o - 3 potions of brilliance


   Skills:
 + Level 8.3 Fighting
 + Level 11.2 Long Blades
 + Level 9.9 Armour
 + Level 2.7 Dodging
 + Level 1.9 Stealth
 + Level 6.2 Shields
 + Level 0.5 Evocations


You had 9 spell levels left.
You didn't know any spells.
Your spell library contained the following spells:

 Spells                   Type           Power      Damage    Failure   Level
 Call Canine Familiar     Summ           0%         N/A       100%        3
 Gell's Gravitas          Tloc           0%         N/A       100%        3
 Lesser Beckoning         Tloc           0%         N/A       100%        3
 Portal Projectile        Hex/Tloc       0%         N/A       100%        3
 Teleport Other           Tloc           0%         N/A       100%        3
 Leda's Liquefaction      Hex/Erth       0%         N/A       100%        4
 Summon Ice Beast         Ice/Summ       0%         N/A       100%        4
 Summon Mana Viper        Hex/Summ       0%         N/A       100%        5
 Monstrous Menagerie      Summ           0%         N/A       100%        7


Dungeon Overview and Level Annotations

Branches:
Dungeon (7/15)             Temple (1/1) D:5          Bailey (1/1)

Altars:
Ashenzari
Dithmenos
Elyvilon
Fedhas
Hepliaklqana
Kikubaaqudgha
Makhleb
Nemelex Xobeh
Qazlal
Ru
Sif Muna
Trog
Uskayaw
Vehumet
Wu Jian
Xom
Yredelemnul
Zin
The Shining One

Shops:
D:4 [   D:6 [


Innate Abilities, Weirdness & Mutations

You have a pair of horns on your head.
You reflexively headbutt those who attack you in melee.


Message History

The red devil hits you from afar with a +2 trident of flaming!!
Barbed spikes become lodged in your body.
The red devil burns you.
The shadow imp hits you but does no damage.
You slash the kobold demonologist! You headbutt the kobold demonologist!
The kobold demonologist is almost dead.
The sixfirhy hits you but does no damage.
The sixfirhy barely misses you. The sixfirhy hits you. The sixfirhy shocks you!
You block the kobold demonologist's attack.
An orc warrior comes into view. It is wielding a +0 war axe.
The red devil hits you from afar with a +2 trident of flaming!
* * * LOW HITPOINT WARNING * * *
Barbed spikes become lodged in your body.
The red devil burns you.
* * * LOW HITPOINT WARNING * * *
The shadow imp hits you but does no damage.
The sixfirhy hits you but does no damage.
The ice devil hits you!
* * * LOW HITPOINT WARNING * * *
The ice devil freezes you!
* * * LOW HITPOINT WARNING * * *
You slash the kobold demonologist!
You kill the kobold demonologist!
The red devil disappears in a puff of smoke!
The sixfirhy disappears in a puff of smoke!
The ufetubus disappears in a puff of smoke!
The shadow imp disappears in a puff of smoke!
The ice devil disappears in a puff of smoke!
The barbs in your skin will harm you if you move.
Continue?
Okay, then.
It was a potion of curing.
You feel better.
It was a potion of berserk rage.
A red film seems to cover your vision as you go berserk!
You feel yourself moving faster!
You feel mighty!
The orc warrior hits you with a +0 war axe!
* * * LOW HITPOINT WARNING * * *
You barely miss the orc warrior. You headbutt the orc warrior!
The orc warrior is moderately wounded.
The orc warrior hits you with a +0 war axe!
You die...

#..# #..#
#..# #..#
#..# #+#'##
#....# #
#..§§# .#
###.@######.#
+.§o§.o..∩.
####§≈≈≈≈≈≈
≈≈≈≈≈≈≈
≈≈≈≈≈≈≈
≈≈≈≈≈≈≈
≈≈≈≈≈≈≈
≈≈≈≈≈≈≈
#######


You could see 2 orc warriors.

Vanquished Creatures
  Pikel (D:4)
  An orc knight (Bailey)
  A kobold demonologist (Bailey)
  5 yaks (D:6)
  Menkaure (D:5)
  A steam dragon (D:6)
  Edmund (D:5)
  Duvessa (D:6)
  A water moccasin (D:6)
  2 orc warriors (Bailey)
  2 sky beasts
  3 ice beasts
  An ogre (D:5)
  A necrophage (D:5)
  2 centaurs
  A lemure (D:4)
  Blork the orc (D:4)
  A bullfrog (D:6)
  A scorpion (D:4)
  A wyvern skeleton (D:7)
  2 water moccasin skeletons
  Dowan (D:6)
  A centaur zombie (D:6)
  A bullfrog zombie (D:6)
  2 jellies
  2 iguanas (D:6)
  An orc wizard (D:5)
  A hound skeleton (D:4)
  3 gnolls
  7 adders
  A white imp (D:7)
  An ufetubus (D:5)
  An adder skeleton (D:4)
  A worm (D:3)
  3 dart slugs
  18 orcs
  4 endoplasms
  A giant cockroach (D:3)
  8 goblins
  8 hobgoblins
  2 quokkas
  6 ball pythons
  3 bats
  5 frilled lizards
  10 kobolds
  7 rats
129 creatures vanquished.

Vanquished Creatures (others)
  A hound (D:6)
1 creature vanquished.

Grand Total: 130 creatures vanquished

Notes
Turn   | Place    | Note
-------+----------+-------------------------------------------
     0 | D:1      | Peloso the Minotaur Fighter began the quest for the Orb.
     0 | D:1      | Reached XP level 1. HP: 19/19 MP: 0/0
   122 | D:1      | Reached XP level 2. HP: 23/27 MP: 1/1
   751 | D:1      | Found a faded altar of an unknown god.
   847 | D:1      | Reached skill level 3 in Long Blades
   847 | D:1      | Reached XP level 3. HP: 16/33 MP: 2/2
  2255 | D:3      | Reached XP level 4. HP: 38/41 MP: 3/3
  2546 | D:3      | Reached skill level 4 in Long Blades
  3033 | D:4      | Found Zoteq's Antique Armour Emporium.
  3544 | D:4      | Noticed a lemure
  3565 | D:4      | Killed a lemure
  3748 | D:4      | Noticed a lemure
  3749 | D:4      | Noticed Pikel
  3788 | D:4      | Killed Pikel
  3789 | D:4      | Reached skill level 5 in Fighting
  3789 | D:4      | Reached skill level 6 in Long Blades
  3789 | D:4      | Reached skill level 5 in Armour
  3789 | D:4      | Reached skill level 1 in Dodging
  3789 | D:4      | Reached XP level 5. HP: 27/48 MP: 4/4
  3789 | D:4      | Reached XP level 6. HP: 31/56 MP: 5/5
  3789 | D:4      | Reached XP level 7. HP: 34/61 MP: 6/6
  4067 | D:4      | Reached skill level 7 in Long Blades
  4395 | D:5      | Entered Level 5 of the Dungeon
  4412 | D:5      | Noticed Blork the orc
  4480 | D:4      | Killed Blork the orc
  4504 | D:5      | Reached skill level 1 in Stealth
  4699 | D:5      | Reached XP level 8. HP: 69/70 MP: 7/7
  4710 | D:5      | Reached skill level 8 in Long Blades
  4892 | D:5      | Found a shimmering blue altar of Sif Muna.
  5016 | D:5      | Noticed Menkaure
  5026 | D:5      | Killed Menkaure
  5382 | D:5      | Noticed Edmund
  5678 | D:4      | Identified 3 scrolls of acquirement
  6140 | D:6      | Reached skill level 5 in Shields
  6301 | D:6      | Noticed Duvessa
  6301 | D:6      | Noticed Dowan
  6313 | D:6      | Killed Dowan
  6314 | D:6      | Killed Duvessa
  6315 | D:6      | Reached skill level 9 in Long Blades
  7080 | D:6      | Reached XP level 9. HP: 68/79 MP: 8/8
  7237 | D:6      | Found Xutexumpin's Armour Shoppe.
  7559 | D:6      | Reached skill level 10 in Long Blades
  8047 | D:5      | Killed Edmund
  8233 | D:5      | Found a staircase to the Ecumenical Temple.
  8468 | Temple   | Entered the Ecumenical Temple
  8693 | D:7      | Found a flagged portal.
  8716 | Bailey   | Entered a bailey
  8769 | Bailey   | Noticed an orc knight
  8811 | Bailey   | Killed an orc knight
  8812 | Bailey   | Reached skill level 11 in Long Blades
  8926 | Bailey   | Reached XP level 10. HP: 83/88 MP: 9/9
  8965 | Bailey   | Noticed a sixfirhy
  8968 | Bailey   | HP: 3/88 [ice devil[a kobold demonologist] (10)]
  8972 | Bailey   | Slain by an orc warrior

Illustrated notes

Levels and vault maps discovered:
D:1:      nicolae_arrival_somewhat_less_tricky_arrival, layout_rooms,
          shapermc_ecumenical_altar_petra
D:2:      layout_loops_corners, minmay_misc_feat_pillars, dk_noncrumbling_2,
          grunt_ministairs_9, kennysheep_generic_room_15
D:3:      layout_loops_cross
D:4:      layout_basic, serial_shops, shop, minmay_pentomino_pile, uniq_pikel
D:5:      layout_loops_ring, kennysheep_orc_sif_temple,
          minmay_temple_entry_hall, uniq_edmund, uniq_blork_the_orc,
          uniq_menkaure
D:6:      layout_gridville, serial_shops, nicolae_shop_crystal, uniq_duvessa
D:7:      layout_basic, mainiacjoe_overflow_24_doors,
          nicolae_gozag_seed_capital, lightli_bailey_entry_fortress, uniq_harold
Temple:   nicolae_temple_no_exploring_needed
Bailey:   bailey_axe_of_yendor_kennysheep, bailey

Skill      XL: |  1  2  3  4  5  6  7  8  9 |
---------------+----------------------------+-----
Fighting       | 4 5 7 8 |  8.3
Shields        | 4 5 6 |  6.2
Long Blades    | 3 6 7 9 11 | 11.2
Armour         | 4 5 6 8 9 |  9.9
Dodging        | 1 2 |  2.7
Stealth        | 1 |  1.9
Evocations     | |  0.5

Action                   |  1- 3 |  4- 6 |  7- 9 | 10-12 || total
-------------------------+-------+-------+-------+-------++-------
Melee: Long sword        |    90 |    77 |   240 |    14 ||   421
       Headbutt          |     6 |    11 |    56 |     4 ||    77
Evoke: Wand              |       |       |     5 |       ||     5
  Use: Scroll            |     2 |       |     7 |       ||     9
       Potion            |       |       |       |     2 ||     2
Armor: Scale mail        |    55 |    14 |       |       ||    69
       Chain mail        |       |    10 |   113 |    11 ||   134
Dodge: Dodged            |    53 |    24 |    81 |     5 ||   163
Block: Buckler           |    27 |    13 |    54 |     4 ||    98
